 Dungeon Crawl Stone Soup version 0.23.1 (webtiles) character file.

Game seed: 7819847529216929222

63 Borgoz the Sneak (level 4, -1/35 HPs)
             Began as a Ghoul Enchanter on Mar 2, 2019.
             Slain by an ogre
             ... wielding a +0 giant spiked club
              (16 damage)
             ... on level 4 of the Dungeon.
             The game lasted 00:03:42 (1486 turns).

Borgoz the Sneak (Ghoul Enchanter)                  Turns: 1486, Time: 00:03:43

Health: -1/35      AC:  5    Str: 11    XL:     4   Next: 9%
Magic:  5/5        EV: 10    Int: 10    God:
Gold:   64         SH:  0    Dex: 10    Spells: 0/6 levels left

rFire    . . .     SeeInvis .   a - +1 dagger
rCold    + . .     Gourm    .   (no shield)
rNeg     + + +     Faith    .   k - +0 ring mail
rPois    ∞         Spirit   .   (no helmet)
rElec    .         Reflect  .   (no cloak)
rCorr    .         Harm     .   (no gloves)
MR       +....                  (no boots)
Stlth    ++........             (no amulet)
HPRegen  0.00/turn              b - ring of protection from magic
MPRegen  0.09/turn              (no ring)

@: rotting
A: rotting body, claws 1, carnivore, cold resistance 1, negative energy
resistance 3, inhibited regeneration, torment resistance, unbreathing
a: no special abilities


You were on level 4 of the Dungeon.
You were not hungry.

You visited 1 branch of the dungeon, and saw 4 of its levels.

You collected 64 gold pieces.

Inventory:

Hand Weapons
 a - a +1 dagger (weapon)
Missiles
 e - 5 javelins (quivered)
Armour
 k - a +0 ring mail (worn)
Jewellery
 b - a ring of protection from magic (left claw)
Scrolls
 g - a scroll of remove curse
Comestibles
 c - 3 chunks of flesh
 d - 4 rations


   Skills:
 + Level 1.5 Fighting
 * Level 2.2 Short Blades
 + Level 2.3 Dodging
 + Level 3.8 Stealth
 - Level 1.7 Spellcasting
 - Level 2.4 Hexes


You couldn't memorise any spells.
You knew the following spells:

 Your Spells              Type           Power        Failure   Level  Hunger
a - Corona                Hex            #......      28%         1    ##.....
b - Ensorcelled Hibernat  Hex/Ice        #.....       58%         2    ###....
c - Confuse               Hex            #.......     65%         3    ####...

Your spell library contained the following spells:

 Spells                   Type           Power        Failure   Level  Hunger
 Tukima's Dance           Hex            #.......     65%         3    ####...
 Dazzling Spray           Conj/Hex       #.....       82%         3    ####...


Dungeon Overview and Level Annotations

Branches:
Dungeon (4/15)
 Temple: D:4-7

Altars:


Innate Abilities, Weirdness & Mutations

Your body is rotting away.
You thrive on raw meat.
You are immune to poison.
You have sharp fingernails.
You are carnivorous and can eat meat at any time.
Your flesh is cold resistant. (rC+)
You are immune to negative energy. (rN+++)
You do not regenerate when monsters are visible.
You are immune to unholy pain and torment.
You can survive without breathing.


Message History

You hit the ogre.
The ogre is moderately wounded.
The ogre barely misses you.
You hit the ogre but do no damage.
The ogre is moderately wounded.
You hit the ogre but do no damage.
The ogre is moderately wounded.
The ogre closely misses you.
You hit the ogre.
The ogre is heavily wounded.
The ogre closely misses you.
You barely miss the ogre.
The ogre is heavily wounded.
You hit the ogre but do no damage.
The ogre is heavily wounded.
The ogre barely misses you.
You hit the ogre but do no damage.
The ogre is heavily wounded.
The ogre hits you with a +0 giant spiked club!
You die...

############
#..........#
#.########.#
#.########.#
#.#.....##.######
#@#.###...........
#O#.###...........
#.#.#......#######
#.#.#<#.##.#
##.#.#.#.##.#
#.÷..#.#.##..
#..###.#.##...
#..# #.#.# ....
#... .....


You could see an ogre.

Vanquished Creatures
  A worker ant (D:2)
  An ooze (D:1)
  A dart slug (D:1)
  A leopard gecko (D:1)
  An orc (D:3)
  5 goblins
  7 hobgoblins (D:1)
  A quokka (D:2)
  3 ball pythons
  A bat (D:1)
  A frilled lizard (D:1)
  3 kobolds (D:1)
  4 rats (D:1)
30 creatures vanquished.

Notes
Turn   | Place    | Note
-------+----------+-------------------------------------------
     0 | D:1      | Borgoz the Ghoul Enchanter began the quest for the Orb.
     0 | D:1      | Reached XP level 1. HP: 14/14 MP: 2/2
    27 | D:1      | Reached skill level 1 in Short Blades
   278 | D:1      | Reached XP level 2. HP: 22/22 MP: 3/3
   494 | D:1      | Reached skill level 1 in Fighting
   526 | D:1      | Reached XP level 3. HP: 6/28 MP: 4/4
   972 | D:2      | Reached XP level 4. HP: 12/35 MP: 5/5
  1185 | D:2      | You fall through a shaft for 2 floors!
  1197 | D:4      | Learned a level 2 spell: Ensorcelled Hibernation
  1201 | D:4      | Learned a level 3 spell: Confuse
  1242 | D:4      | Noticed an ogre
  1486 | D:4      | Slain by an ogre

Skill      XL: |  1  2  3 |
---------------+----------+-----
Short Blades   | 1 2 |  2.2
Dodging        | 2 |  2.3
Fighting       | 1 |  1.5
Stealth        | |  3.8
Spellcasting   | |  1.7
Hexes          | |  2.4

Action                   |  1- 3 |  4- 6 || total
-------------------------+-------+-------++-------
Melee: Dagger            |   132 |    27 ||   159
 Cast: Corona            |     1 |       ||     1
  Use: Potion            |     4 |       ||     4
       Scroll            |     3 |     1 ||     4
 Stab: Sleeping          |     3 |     1 ||     4
  Eat: Chunk             |    15 |     1 ||    16
Armor: Robe              |     9 |       ||     9
       Ring mail         |     9 |     2 ||    11
Dodge: Dodged            |    82 |    17 ||    99
